 Dungeon Crawl Stone Soup version 0.29.1-13-g9f3cf754e1 (webtiles) character file.

Game seed: 4320533588193184797

109 gregunderscorem the Sneak (level 4, 0/28 HPs)
             Began as an Octopode Transmuter on Jan 26, 2023.
             Slain by an orc
             ... wielding a +0 dagger
              (3 damage)
             ... on level 3 of the Dungeon.
             The game lasted 00:03:06 (3608 turns).

gregunderscorem the Sneak (Octopode Transmuter)     Turns: 3608, Time: 00:03:06

Health: 0/28       AC:  1    Str:  9    XL:     4   Next: 89%
Magic:  7/7        EV: 13    Int: 15    God:
Gold:   212        SH:  3    Dex: 14    Spells: 6/7 levels left

rFire   . . .      SeeInvis .     - Unarmed
rCold   . . .      Faith    .   e - +0 buckler
rNeg    . . .      Spirit   .   (helmet restricted)
rPois   .          Reflect  .   (no amulet)
rElec   .          Harm     .   (no ring)
rCorr   .          Rampage  .   (no ring)
Will    .....                   (no ring)
Stlth   ++++......              (no ring)
HPRegen 0.09/turn               (no ring)
MPRegen 0.10/turn               (no ring)
                                (no ring)
                                (no ring)

@: no status effects
A: almost no armour, amphibious, 8 rings, camouflage 1, gelatinous body 1,
(nimble swimmer 1), tentacles
a: no special abilities


You were on level 3 of the Dungeon.
You visited 1 branch of the dungeon, and saw 3 of its levels.

You collected 212 gold pieces.

Inventory:

Hand Weapons
 l - a +2 trident of protection
Armour
 e - a +0 buckler (worn)
Jewellery
 a - a ring of flight
Scrolls
 c - 2 scrolls of vulnerability {unknown}
 f - a scroll of teleportation {unknown}
 g - 4 scrolls of identify {unknown}
 h - 2 scrolls of immolation {unknown}
 k - a scroll of fog {unknown}
Potions
 b - 5 potions of flight
 d - a potion of resistance {unknown}
 i - a potion of lignification
 j - a potion of brilliance {unknown}
 m - a potion of degeneration {unknown}


   Skills:
 - Level 1.0 Fighting
 - Level 2.0 Dodging
 + Level 5.1 Stealth
 - Level 3.7 Unarmed Combat
 - Level 2.0 Spellcasting
 - Level 2.2 Transmutations


You had 6 spell levels left.
You knew the following spells:

 Your Spells              Type           Power      Damage    Failure   Level
a - Beastly Appendage     Tmut           16%        N/A       12%         1

Your spell library contained the following spells:

 Spells                   Type           Power      Damage    Failure   Level
 Wereblood                Tmut           8%         N/A       19%         2
 Passwall                 Tmut/Erth      3%         N/A       28%         2
 Ensorcelled Hibernation  Hex/Ice        2%         N/A       41%         2
 Sublimation of Blood     Necr           1%         N/A       41%         2
 Spider Form              Tmut/Pois      4%         N/A       50%         3
 Swiftness                Air            1%         N/A       65%         3
 Ice Form                 Ice/Tmut       4%         N/A       88%         4
 Summon Hydra             Summ           0%         N/A       100%        7


Dungeon Overview and Level Annotations

Branches:
Dungeon (3/15)

Altars:


Innate Abilities, Weirdness & Mutations

You cannot wear most types of armour.
You are amphibious.
You can wear up to eight rings at the same time.
Your skin changes colour to match your surroundings (Stealth+).
Your rubbery body absorbs attacks. (AC +1, EV +1)
((You are camouflaged when in or above water. (Stealth+)))
You have tentacles for arms and can constrict up to eight enemies at once.


Message History

You kill the ball python!
You tentacle-slap the orc. You grab the orc.
The orc is moderately wounded.
You constrict the orc. The orc hits you with a +0 hand axe.
You tentacle-slap the orc but do no damage.
The orc is heavily wounded.
You constrict the orc, but do no damage.
The orc barely misses you.
You tentacle-slap the orc but do no damage.
You squeeze the orc.
You kill the orc!
You barely miss the orc. You grab the orc. You constrict the orc.
The orc hits you with a +0 dagger. The orc hits you with a +0 war axe!
You barely miss the orc. You tentacle-slap the orc. You squeeze the orc.
You kill the orc!
The orc closely misses you.
You tentacle-slap the orc. Your grab misses the orc. You tentacle-slap the orc.
You kill the orc!
You tentacle-slap the orc but do no damage.
You grab the orc. You squeeze the orc, but do no damage.
You constrict the orc, but do no damage.
The orc hits you but does no damage.
You tentacle-slap the orc.
You tentacle-slap the orc, but do no damage.
You squeeze the orc.
The orc is heavily wounded.
You constrict the orc, but do no damage.
The orc barely misses you. The orc hits you with a +0 dagger.
You tentacle-slap the orc but do no damage.
You squeeze the orc.
The orc is almost dead.
You constrict the orc, but do no damage.
The orc misses you. The orc closely misses you.
You tentacle-slap the orc but do no damage.
Your grab misses the orc.
You constrict the orc, but do no damage.
The orc hits you with a +0 hand axe!
* * * LOW HITPOINT WARNING * * *
The orc hits you with a +0 dagger.
You die...

#........# ###.##### #........#
#.# . ##....o...#######.#######
.. ......................... #.
#....oo..........####### #.
#....†...........#
#.#######..............:.#
##........#######o........#####
..........#####.@o............#
.(.................####.....#.##
...................# #........#
...................# #........#
...............#...# #........#
...............#...# #........#
...............#...####......<.#
...............#...##..........#
##..#####......#...##.#........#


You could see 2 orcs.

Vanquished Creatures
  Crazy Yiuf (D:3)
  A gnoll (D:1)
  3 adders
  A worm (D:3)
  2 dart slugs (D:1)
  3 orcs (D:3)
  2 endoplasms
  A giant cockroach (D:1)
  7 goblins
  3 hobgoblins
  5 ball pythons
  A bat (D:1)
  7 rats
37 creatures vanquished.

Notes
Turn   | Place    | Note
-------+----------+-------------------------------------------
     0 | D:1      | gregunderscorem the Octopode Transmuter began the quest for
                  | the Orb.
     0 | D:1      | Reached XP level 1. HP: 13/13 MP: 3/3
   140 | D:1      | Reached XP level 2. HP: 4/18 MP: 3/5
   789 | D:1      | Reached skill level 1 in Stealth
   900 | D:1      | Reached XP level 3. HP: 18/23 MP: 6/6
  1408 | D:1      | Reached skill level 2 in Stealth
  2036 | D:2      | Found a faded altar of an unknown god.
  2049 | D:2      | Reached skill level 3 in Stealth
  2996 | D:3      | Reached XP level 4. HP: 11/28 MP: 7/7
  3240 | D:3      | Reached skill level 4 in Stealth
  3267 | D:3      | Found a runed translucent door.
  3268 | D:3      | Noticed Crazy Yiuf
  3370 | D:3      | Killed Crazy Yiuf
  3371 | D:3      | Reached skill level 5 in Stealth
  3608 | D:3      | Slain by an orc

Illustrated notes

Levels and vault maps discovered:
D:1:      heliophobic_arrival_enchanted_forest, layout_basic
D:2:      layout_basic, nicolae_ecumenical_snake_handling, minmay_pentomino_u2
D:3:      layout_basic, uniq_crazy_yiuf_cottage

Skill      XL: |  1  2  3  4 |
---------------+-------------+-----
Stealth        | 1 3 5 |  5.1
Fighting       | |  1.0
Dodging        | |  2.0
Unarmed Combat | |  3.7
Spellcasting   | |  2.0
Transmutations | |  2.2

Action                   |  1- 3 |  4- 6 || total
-------------------------+-------+-------++-------
Melee: Unarmed           |    57 |    24 ||    81
       Constrict         |    15 |     7 ||    22
       Tentacles         |    11 |     7 ||    18
       Kick              |     4 |     2 ||     6
       Punch             |       |     5 ||     5
 Cast: Beastly Appendage |    10 |     4 ||    14
  Use: Potion            |     3 |       ||     3
 Stab: Sleeping          |     9 |     4 ||    13
Armor: Skin              |     3 |     1 ||     4
Dodge: Dodged            |    28 |    11 ||    39
Block: Buckler           |     5 |     2 ||     7
